 Dungeon Crawl Stone Soup version 0.21-a0-634-gaf8bc5d (webtiles) character file.

249514 Leszczynek the Severer (level 18, -14/184 HPs)
             Began as a Deep Dwarf Fighter on Dec 29, 2017.
             Was the Champion of Makhleb.
             Hit by a large rock thrown by a stone giant (32 damage)
             ... on level 5 of the Vaults.
             The game lasted 01:55:30 (13864 turns).

Leszczynek the Severer (Deep Dwarf Fighter)        Turns: 13864, Time: 01:55:31

Health: -14/184    AC: 29    Str: 23    XL:     18   Next: 88%
Magic:  0/0        EV: 12    Int: 14    God:    Makhleb [******]
Gold:   241        SH: 27    Dex: 22    Spells: 17/17 levels left

rFire    + + .     SeeInvis .   a - +3 broad axe (chop)
rCold    + . .     Gourm    .   Z - +6 large shield of Nemelex Xobeh's Wrath {rElec MP-9 Dex+7}
rNeg     + . .     Faith    .   b - +0 gold dragon scales
rPois    +         Spirit   .   F - +1 helmet of Lies {Stlth+}
rElec    +         Reflect  .   J - scarf {repulsion}
rCorr    .         Harm     .   z - +2 pair of gloves
MR       +++..                  l - +1 pair of boots {run}
Stlth    ..........             (no amulet)
HPRegen  0.00/turn              P - ring of protection from fire
MPRegen  0.07/turn              y - ring of Neygiph {rElec MR+ Int+3}

@: non-regenerating, repel missiles, quick
A: damage resistance, heal wounds, negative energy resistance 1, sense
surroundings 3, no regeneration
}: 2/15 runes: serpentine, barnacled
a: Heal Wounds, Minor Destruction, Lesser Servant of Makhleb, Major Destruction,
Greater Servant of Makhleb, Renounce Religion


You were on level 5 of the Vaults.
You worshipped Makhleb.
Makhleb was exalted by your worship.
You were not hungry.

You visited 7 branches of the dungeon, and saw 33 of its levels.
You also visited: Labyrinth, Sewer and Ossuary.

You collected 2187 gold pieces.
You spent 1946 gold pieces at shops.

Inventory:

Hand Weapons
 a - a +3 broad axe of chopping (weapon)
 N - a +0 blowgun
 X - a +2 vampiric war axe
Missiles
 c - 21 javelins
 s - 47 tomahawks (quivered)
 v - 18 javelins of penetration
 O - 12 curare-tipped needles
 U - 2 throwing nets
Armour
 b - +0 gold dragon scales (worn)
 l - a +1 pair of boots of running (worn)
 z - a +2 pair of gloves (worn)
 F - the +1 helmet of Lies (worn) {Stlth+}
   (You found it in a labyrinth)

   It makes you more stealthy.
 J - a scarf of repulsion (worn)
 Q - the +1 pair of boots of Sif Muna's Hope {rElec rCorr Str-2 Stlth+}
   (You bought it in a shop on level 2 of the Vaults)

   It affects your strength (-2).
   It insulates you from electricity.
   It protects you from acid and corrosion.
   It makes you more stealthy.
 Z - the +6 large shield of Nemelex Xobeh's Wrath (worn) {rElec MP-9 Dex+7}
   (You bought it in a shop on level 2 of the Vaults)

   It affects your dexterity (+7).
   It insulates you from electricity.
   It affects your magic capacity (-9).
Jewellery
 y - the ring of Neygiph (right hand) {rElec MR+ Int+3}
   (You found it on level 4 of the Shoals)

   [ring of intelligence]

   It affects your intelligence (+3).
   It insulates you from electricity.
   It affects your resistance to hostile enchantments.
 P - a ring of protection from fire (left hand)
 V - the ring of Levity {rPois rC- Str+4 Int+2}
   (You found it on level 4 of the Snake Pit)

   [ring of poison resistance]

   It affects your strength (+4).
   It affects your intelligence (+2).
   It makes you vulnerable to cold.
   It protects you from poison.
Wands
 e - a wand of paralysis (9)
 m - a wand of polymorph (7)
 o - a wand of acid (14)
 w - a wand of iceblast (26)
 G - a wand of flame (25)
 W - a wand of disintegration (10)
Scrolls
 i - 2 scrolls of teleportation
 k - 5 scrolls of remove curse {@r2}
 n - a scroll of summoning
 t - a scroll of blinking
 u - a scroll of fear
 H - a scroll of identify {@r1}
 I - a scroll of fog
 R - a scroll of magic mapping
 S - a scroll of vulnerability {!r}
Potions
 f - a potion of invisibility
 g - 2 potions of lignification {!q}
 h - 5 potions of curing {@q1}
 p - a potion of agility
 q - 2 potions of mutation {!q}
 r - a potion of cancellation
 B - 4 potions of heal wounds {@q2}
 D - a potion of resistance
 E - a potion of might
Miscellaneous
 A - a fan of gales
 K - a phantom mirror
 L - a lamp of fire
 M - a sack of spiders
 T - a phial of floods
Comestibles
 d - 26 rations
 Y - a chunk of flesh


   Skills:
 * Level 17.0 Fighting
 + Level 18.6 Axes
 - Level 15.1 Armour
 - Level 14.0 Dodging
 - Level 15.0 Shields
 - Level 7.8 Invocations
 + Level 9.5 Evocations


You had 17 spell levels left.
You didn't know any spells.

Dungeon Overview and Level Annotations

Branches:
Dungeon (13/15)            Temple (1/1) D:7            Lair (4/6) D:11
 Shoals (4/4) Lair:2        Snake (4/4) Lair:4          Orc (2/2) D:12
    Elf (0/3) Orc:2        Vaults (5/5) D:13
  Crypt: Vaults:2-3

Altars:
Ashenzari
Dithmenos
Elyvilon
Kikubaaqudgha
Makhleb
Nemelex Xobeh
Okawaru
Qazlal
Ru
Sif Muna
Uskayaw
Vehumet
Wu Jian
Xom
Yredelemnul
Zin
The Shining One
Beogh

Shops:
D:7 }   D:11 *![(   Orc:2 ([*!%   Shoals:4 (   Snake:1 [   Vaults:2 [

Annotations:
D:12 6h
Shoals:3 Polyphemus; mtoz's ghost, adept MiBe
Shoals:4 exclusion: upstairs
Snake:3 Aizul; Dustman's ghost, adept BaEE
Vaults:3 Saint Roka
Vaults:5 Bai Suzhen


Innate Abilities, Weirdness & Mutations

You are resistant to damage.
You can heal yourself by infusing magical energy.
You resist negative energy. (rN+)
You passively map a large area around you.
You do not regenerate.


Message History

* * * LOW HITPOINT WARNING * * *
Bai Suzhen barely misses you. You block Bai Suzhen's attack.
The warg is struck by lightning.
You block the warg's attack.
You hear a deafening roar!
You hear a shout!
A stone giant comes into view.
Unknown command.
Unknown command.
The warg changes into a soldier ant!
The titan waves its arms in wide circles.
The air twists around and strikes you!
* * * LOW HITPOINT WARNING * * *
Lightning arcs down from a storm cloud!
Unknown command.
Your surroundings suddenly seem different.
The yaktaur captain wields an arbalest.
The yaktaur captain shoots a bolt.
You block the bolt.
The yaktaur captain hits you but does no damage.
You hear a clap of thunder!
The stone giant throws a large rock.
The large rock hits you!!
You die...

, ,, ,* ,, #.... , ,,,
##.....###..., #. . , ,
*.........#'. # ,* ,
..........'# ,,,,* ,* *
...........### ,,* ,, ,
,.............## , ,, ,,
,.....}........# , ,,
,*, * , ........c......
,, ,.......@......#* * ,
, , * ......p......##,,*
, , , ....p......###, ,
* * ........cC'#,,, ,
c..{C....#'.....,#....#,
,
##.....###.......#....#,
, ,##(..#* ......#....#
, ,,, , ##/# ,
......#....#* , ,,
,,,,......#....##


You could see 2 stone giants, 2 yaktaur captains, 2 vault guards and a yaktaur.

Vanquished Creatures
  2 titans (Vaults:5)
  A lich (Vaults:5)
  2 sphinxes (Vaults:5)
  A storm dragon (Vaults:5)
  4 tengu reavers
  A shadow dragon (Vaults:5)
  7 nagarajas (Snake:4)
  A fire giant (Vaults:5)
  3 frost giants (Vaults:5)
  Ilsuiw (Shoals:4)
  5 vault wardens
  A deep elf sorcerer (Vaults:5)
  2 deep elf elementalists (Vaults:5)
  An iron dragon (Vaults:5)
  6 ironheart preservers
  A ghoul (Vaults:5)
  A war gargoyle (Vaults:5)
  3 entropy weavers
  4 stone giants
  3 deep elf demonologists
  A deep elf annihilator (Vaults:5)
  2 fire dragons
  2 ettins
  2 merfolk javelineers
  A minotaur (Lab)
  7 yaktaur captains
  2 merfolk impalers (Shoals:4)
  2 great orbs of eyes
  5 hydras
  A naga warrior (Snake:4)
  2 rakshasas (Vaults:3)
  An ice dragon (shapeshifter) (Vaults:3)
  19 vault guards
  An alligator snapping turtle (Shoals:3)
  14 anacondas
  5 centaur warriors
  5 merfolk aquamancers
  5 death yaks
  A merfolk avatar (Shoals:2)
  A deep troll shaman (Vaults:4)
  10 two-headed ogres
  A death knight (Vaults:5)
  4 ogre magi
  2 naga sharpshooters (Snake:4)
  A deep troll earth mage (Vaults:1)
  6 deep elf knights
  A shock serpent (Snake:4)
  Nergalle (Lair:3)
  2 skeletal warriors
  Sonja (Lair:4)
  A shadow wraith (Vaults:5)
  3 salamander mystics
  A glowing orange brain (Vaults:4)
  4 wizards
  11 deep trolls
  14 sea snakes
  7 naga ritualists (Snake:4)
  Pikel (D:5)
  A lindwurm (shapeshifter) (Vaults:5)
  A kraken simulacrum (Shoals:4)
  14 harpies
  7 ironbrand convokers
  9 orc knights
  A harpy (shapeshifter) (Vaults:4)
  9 deep elf magi
  2 mana vipers
  A wolf spider (Vaults:3)
  4 ugly things (Vaults:2)
  2 orc sorcerers
  2 cyclopes
  7 salamanders
  5 fauns (Shoals:2)
  9 manticores
  3 merfolk sirens
  2 salamanders (shapeshifter) (Vaults:3)
  A guardian serpent (shapeshifter) (Vaults:3)
  8 black mambas
  A vault sentinel (Vaults:3)
  A water nymph (Shoals:2)
  2 elephants
  2 gargoyles
  13 guardian serpents
  10 naga magi
  A torpor snail (Lair:2)
  A rime drake (Lair:2)
  5 spiny frogs
  6 komodo dragons
  11 yaktaurs
  A kobold demonologist (D:13)
  A freezing wraith (Vaults:3)
  A troll (shapeshifter) (Vaults:4)
  6 trolls
  10 merfolk
  Grinder (D:6)
  A polar bear (Lair:3)
  3 meliai (D:13)
  3 wind drakes (Shoals:4)
  3 slime creatures (Vaults:3)
  7 hippogriffs
  3 dream sheep (Lair:2)
  4 snapping turtles
  4 redbacks
  2 wraiths
  3 shadows
  5 water elementals
  A wyvern (Lair:3)
  18 yaks
  6 spriggans (Lair:2)
  A tarantella (Vaults:3)
  4 hogs (D:7)
  A human (D:7)
  2 basilisks (Lair:3)
  4 hungry ghosts (Lab)
  31 nagas
  7 wargs
  An acid dragon (shapeshifter) (Vaults:3)
  6 water moccasins
  7 porcupines
  Purgy (Sewer)
  22 orc warriors
  4 sky beasts
  3 black bears (D:10)
  A necrophage (D:7)
  An ice beast (D:12)
  An eye of draining (D:10)
  A phantom (D:11)
  11 centaurs
  16 ogres
  9 wolves
  5 crocodiles
  5 big kobolds
  4 elf zombies (Ossuary)
  12 bullfrogs
  An elf skeleton (D:6)
  2 scorpions
  2 killer bees (D:11)
  3 wights (D:11)
  5 crimson imps
  4 centaur zombies (Ossuary)
  4 hounds
  5 human zombies
  2 bullfrog zombies
  A jelly (D:11)
  2 quasits
  A bullfrog skeleton (D:13)
  16 orc priests
  5 centaur skeletons
  18 orc wizards
  2 iguanas
  A human skeleton (D:6)
  A killer bee zombie (D:9)
  A hound skeleton (D:10)
  3 mummies (Ossuary)
  6 adders
  4 gnolls (Orc:1)
  A shadow imp (D:7)
  2 worms
  A dart slug (D:2)
  A leopard gecko (D:9)
  79 orcs
  A bat (D:1)
  4 giant cockroaches
  3 goblins
  4 hobgoblins
  11 kobolds
  A quokka (D:8)
  4 ball pythons
  2 frilled lizards
  A leopard gecko skeleton (D:4)
  An orc skeleton (D:6)
  A rat (D:1)
  3 fungi (Lair:3)
  8 plants
  A tentacle (Shoals:4)
802 creatures vanquished.

Vanquished Creatures (collateral kills)
  A tentacled monstrosity (Vaults:5)
  A storm dragon (Vaults:5)
  A nagaraja (Snake:4)
  A vault warden (Vaults:5)
  An orc warlord (Orc:2)
  An ironheart preserver (Vaults:5)
  An ettin (Vaults:5)
  4 merfolk impalers
  A merfolk javelineer (Shoals:4)
  3 vault guards (Vaults:5)
  2 anacondas (Snake:4)
  An alligator snapping turtle (Shoals:2)
  An orc high priest (Orc:2)
  A naga sharpshooter (Snake:4)
  A sea snake (Shoals:4)
  A glowing orange brain (Vaults:5)
  2 orc knights (Orc:2)
  A mana viper (Snake:4)
  An orc sorcerer (Orc:2)
  A manticore (Shoals:4)
  A cyclops (Shoals:4)
  2 salamanders (Snake:3)
  2 merfolk sirens (Shoals:4)
  A guardian serpent (Snake:4)
  A black mamba (Snake:4)
  3 naga magi (Snake:4)
  2 trolls (Orc:2)
  2 merfolk (Shoals:2)
  A hippogriff (D:11)
  A meliai zombie (D:11)
  A water elemental (Shoals:4)
  A wyvern (Lair:3)
  3 yaks (D:11)
  4 wargs
  A naga (Snake:4)
  15 orc warriors
  A phantom (D:11)
  3 killer bees (D:11)
  5 orc priests (Orc:2)
  6 orc wizards
  12 orcs
95 creatures vanquished.

Vanquished Creatures (others)
  A golden dragon (Vaults:5)
  A merfolk impaler (Shoals:4)
  A merfolk aquamancer (Shoals:2)
  An ogre mage (Vaults:3)
  A yaktaur (Vaults:4)
  A merfolk (Shoals:3)
  A naga (Snake:4)
  An orc warrior (Vaults:3)
  A slave (D:5)
  A scorpion (D:11)
  2 plants
  11 tentacles (Shoals:4)
23 creatures vanquished.

Grand Total: 920 creatures vanquished

Notes
Turn   | Place    | Note
-------+----------+-------------------------------------------
     0 | D:1      | Leszczynek the Deep Dwarf Fighter began the quest for the Orb.
     0 | D:1      | Reached XP level 1. HP: 20/20 MP: 1/1
     0 | D:1      | YOU DIDN'T PLAN WELL ENOUGH
     0 | D:1      | YOU SHOULD ALWAYS USE YOUR HEAL ABILITY AT 70% BECAUSE YOU WANT TO WASTE MP
     0 | D:1      | WHAT, IT WOULD ONLY HEAL LIKE 12 HP?
     0 | D:1      | NO MATTER
     0 | D:1      | USE IT WHEN IT'S SAFE, DON'T WAIT TO DROP LOW
     0 | D:1      | OR ELSE YOUR 25% FAILURE CHANCE WILL BECOME 87.5% AS IT FAILS 7 OUT OF 8 TIMES KILLING YOU
     0 | D:1      | BUT IT'S YOUR FAULT
     0 | D:1      | YOU DIDN'T ACCOUNT FOR THE C R A W L M A T H
     0 | D:1      | IT'S IMPORTANT DESIGN DECISION TO HAVE YOUR HEAL ABILITY FAIL, BUT ONLY AT LOW XP LEVELS
     0 | D:1      | NOT THE LAZINESS OF DEVELOPERS WHO CAN'T BE BOTHERED TO GIVE THE ABILITY A DIFFERENT FORMULA
     0 | D:1      | E.G. ONE THAT WOULDN'T MAKE EARLY ACCIDENTS LIKE THAT HAPPEN WHILE MAKING LATE GAME A WALK IN THE PARK
     0 | D:1      | i'm done
   162 | D:1      | Reached skill level 3 in Axes
   175 | D:2      | Reached XP level 2. HP: 21/27 MP: 0/2
   210 | D:2      | Reached XP level 3. HP: 22/33 MP: 3/3
   220 | D:2      | Reached skill level 4 in Axes
   512 | D:3      | Reached skill level 5 in Axes
   512 | D:3      | Reached XP level 4. HP: 27/40 MP: 4/4
   574 | D:4      | Noticed an ogre
   584 | D:4      | Killed an ogre
   584 | D:4      | Reached skill level 6 in Axes
   584 | D:4      | Reached XP level 5. HP: 36/46 MP: 5/5
   590 | D:4      | Reached skill level 7 in Axes
   590 | D:4      | Reached XP level 6. HP: 42/55 MP: 6/6
   608 | D:4      | Found a glowing drain.
   624 | Sewer    | Entered a sewer
   643 | Sewer    | Noticed Purgy
   653 | Sewer    | Killed Purgy
   892 | D:5      | Entered Level 5 of the Dungeon
   892 | D:5      | Noticed Pikel
   892 | D:5      | Noticed a slave
   892 | D:5      | Noticed a slave
   892 | D:5      | Noticed a slave
   895 | D:5      | Noticed a slave
   917 | D:5      | Killed Pikel
   917 | D:5      | Reached skill level 9 in Axes
   917 | D:5      | Reached XP level 7. HP: 37/61 MP: 7/7
   928 | D:5      | Reached skill level 10 in Axes
   979 | D:6      | Noticed a hippogriff
   991 | D:6      | HP: 8/61 [hippogriff (5)]
   999 | D:6      | Killed a hippogriff
   999 | D:6      | Reached XP level 8. HP: 37/68 MP: 7/7
  1043 | D:6      | Noticed Grinder
  1055 | D:6      | Killed Grinder
  1055 | D:6      | Reached skill level 11 in Axes
  1115 | D:7      | HP: 12/68 [orc warrior/trident (17)]
  1126 | D:7      | Reached skill level 3 in Fighting
  1165 | D:7      | Found a staircase to the Ecumenical Temple.
  1172 | Temple   | Entered the Ecumenical Temple
  1256 | Temple   | Became a worshipper of Makhleb the Destroyer
  1309 | D:6      | Found a sand-covered staircase.
  1328 | Ossuary  | Entered an ossuary
  1390 | Ossuary  | Reached skill level 12 in Axes
  1483 | Ossuary  | Reached skill level 4 in Fighting
  1483 | Ossuary  | Gained mutation: You passively map the area around you. [Deep Dwarf growth]
  1483 | Ossuary  | Reached XP level 9. HP: 34/78 MP: 4/4
  1528 | Ossuary  | Reached skill level 4 in Armour
  1535 | Ossuary  | Reached skill level 4 in Shields
  1669 | D:7      | Found Icelixt's Gadget Shop.
  1673 | D:7      | Reached * piety under Makhleb
  1754 | D:7      | Reached skill level 5 in Fighting
  1754 | D:7      | Reached skill level 5 in Armour
  1754 | D:7      | Reached skill level 5 in Shields
  1836 | D:7      | Found a sparkling altar of Nemelex Xobeh.
  2059 | D:8      | HP: 16/80 [orc priest/divine providence (10)]
  2061 | D:8      | Noticed a two-headed ogre
  2098 | D:8      | Killed a two-headed ogre
  2098 | D:8      | Reached skill level 6 in Fighting
  2098 | D:8      | Reached skill level 6 in Armour
  2098 | D:8      | Reached skill level 6 in Shields
  2098 | D:8      | Reached XP level 10. HP: 91/91 MP: 3/3
  2189 | D:8      | Reached skill level 1 in Dodging
  2341 | D:9      | Reached skill level 2 in Dodging
  2355 | D:10     | Entered Level 10 of the Dungeon
  2372 | D:10     | Noticed a centaur warrior
  2397 | D:10     | Killed a centaur warrior
  2397 | D:10     | Reached skill level 3 in Dodging
  2397 | D:10     | Reached skill level 7 in Shields
  2404 | D:10     | Noticed a two-headed ogre
  2413 | D:10     | Killed a two-headed ogre
  2413 | D:10     | Reached skill level 4 in Dodging
  2484 | D:10     | Reached ** piety under Makhleb
  2489 | D:10     | Reached skill level 5 in Dodging
  2521 | D:10     | Reached skill level 7 in Fighting
  2626 | D:10     | Reached skill level 8 in Shields
  2650 | D:9      | Reached skill level 1 in Invocations
  2761 | D:11     | Found Kauluit's Antique Weapon Boutique.
  2777 | D:11     | Reached XP level 11. HP: 62/100 MP: 5/5
  2792 | D:11     | meh
  2806 | D:11     | Noticed a cyan ugly thing
  2831 | D:10     | phew
  2875 | D:10     | Reached skill level 2 in Invocations
  2961 | D:10     | Reached *** piety under Makhleb
  2994 | D:11     | Found Xekli's Antique Armour Boutique.
  3013 | D:11     | Reached skill level 3 in Invocations
  3025 | D:11     | Reached skill level 13 in Axes
  3038 | D:11     | mehhh
  3038 | D:11     | unless i want an ego chain mail
  3072 | D:11     | Reached skill level 4 in Invocations
  3172 | D:11     | Reached skill level 5 in Invocations
  3222 | D:11     | Found a staircase to the Lair.
  3248 | D:11     | Reached skill level 6 in Invocations
  3359 | D:11     | Found Met Edud's Assorted Antiques.
  3377 | D:11     | Bought a smoky ruby potion for 27 gold pieces
  3377 | D:11     | Bought a scroll labeled SORESIP DEORE for 30 gold pieces
  3377 | D:11     | and the rest costs too much to bother
  3387 | D:11     | Found Zity's Distillery.
  3394 | D:11     | Bought a potion of invisibility for 80 gold pieces
  3394 | D:11     | Bought a potion of resistance for 100 gold pieces
  3394 | D:11     | Bought a potion of might for 40 gold pieces
  3394 | D:11     | Bought a potion of might for 40 gold pieces
  3394 | D:11     | Bought a potion of curing for 30 gold pieces
  3419 | D:12     | Noticed a six-headed hydra
  3564 | D:12     | Reached skill level 7 in Invocations
  3742 | D:12     | Reached **** piety under Makhleb
  3746 | D:12     | Reached skill level 14 in Axes
  3760 | D:12     | Found a staircase to the Orcish Mines.
  3776 | Orc:1    | Entered Level 1 of the Orcish Mines
  3847 | Orc:2    | Entered Level 2 of the Orcish Mines
  3847 | Orc:2    | Noticed an orc knight
  3848 | Orc:2    | hm
  3854 | Orc:2    | HP: 12/100 [orc knight/war axe (19)]
  3860 | Orc:2    | Killed an orc knight
  3978 | Orc:2    | Found a labyrinth entrance.
  3985 | Orc:2    | Found Fepn's Food Shoppe.
  3998 | Orc:2    | HP: 13/103 [orc priest/divine providence (13)]
  4041 | Lab      | Entered a labyrinth
  4042 | Lab      | the FUN begins
  4087 | Lab      | starting in the very corner too
  4445 | Lab      | Reached skill level 8 in Fighting
  4445 | Lab      | Reached skill level 7 in Armour
  4509 | Lab      | Reached XP level 12. HP: 108/110 MP: 9/9
  4587 | Lab      | Noticed a minotaur
  4601 | Lab      | Killed a minotaur
  4610 | Lab      | Identified the Incunabulum of Conjuration and Toxins
  4611 | Lab      | >glowing demon trident
  4611 | Lab      | ALMOST tempted
  4611 | Lab      | almost
  4611 | Lab      | Got a transparent helmet
  4617 | Lab      | Identified the +1 helmet of Lies {Stlth+} (You found it in a labyrinth)
  4617 | Lab      | uhh
  4617 | Lab      | k
  4617 | Lab      | not really worth it
  4617 | Lab      | 1 blink and +2 AC
  4617 | Lab      | and some scrolls that i don't have identified yet
  4788 | Orc:2    | Found a roughly hewn altar of Beogh.
  4816 | Orc:2    | Found a roughly hewn altar of Beogh.
  4843 | Orc:2    | HP: 21/112 [orc priest/divine providence (13)]
  4850 | Orc:2    | Found Moyfro's Distillery.
  4858 | Orc:2    | Bought a potion of agility for 48 gold pieces
  4858 | Orc:2    | Bought a potion of might for 48 gold pieces
  4941 | Orc:2    | Found a roughly hewn altar of Beogh.
  4975 | Orc:2    | Found Maneuli's General Store.
  4981 | Orc:2    | Bought a scroll of identify for 36 gold pieces
  4981 | Orc:2    | elec lajatang
  5098 | Orc:1    | Reached skill level 9 in Shields
  5356 | Orc:2    | Reached skill level 9 in Fighting
  5396 | Orc:2    | Found a roughly hewn altar of Beogh.
  5415 | Orc:2    | HP: 20/114 [orc sorcerer/bolt of fire (18)]
  5437 | Orc:2    | HP: 19/114 [sun demon[an orc sorcerer] (16)]
  5532 | Orc:2    | Found a roughly hewn altar of Beogh.
  5552 | Orc:2    | Reached skill level 8 in Armour
  5603 | Orc:2    | Found a staircase to the Elven Halls.
  5698 | Orc:2    | Noticed an orc high priest
  5699 | Orc:2    | Noticed an orc warlord
  5699 | Orc:2    | warlord with a large shield
  5699 | Orc:2    | ugh
  5721 | Orc:2    | Killed an orc high priest
  5725 | Orc:2    | HP: 22/114 [orc warrior/glaive[an orc warlord] (21)]
  5734 | Orc:2    | Killed an orc warlord
  5812 | Orc:2    | Found Emmyemiy's Antique Weapon Boutique.
  5812 | Orc:2    | Found a roughly hewn altar of Beogh.
  5814 | Orc:2    | Found Cenell's Antique Armour Shop.
  5824 | Orc:2    | Bought a glowing scarf for 160 gold pieces
  5926 | Lair:1   | Entered Level 1 of the Lair of Beasts
  5948 | Lair:1   | Noticed a five-headed hydra
  5971 | Lair:1   | Killed a one-headed hydra
  5971 | Lair:1   | Reached skill level 15 in Axes
  5971 | Lair:1   | Reached skill level 9 in Armour
  6214 | Lair:2   | Noticed a five-headed hydra
  6222 | Lair:2   | Killed a one-headed hydra
  6222 | Lair:2   | Reached XP level 13. HP: 123/123 MP: 6/6
  6266 | Lair:4   | Noticed Sonja
  6285 | Lair:4   | Killed Sonja
  6285 | Lair:4   | Reached skill level 10 in Fighting
  6445 | Lair:3   | Noticed Nergalle
  6454 | Lair:3   | Killed Nergalle
  6678 | Lair:2   | Reached skill level 10 in Shields
  6814 | Lair:3   | Reached skill level 16 in Axes
  7025 | Lair:4   | HP: 21/124 [death yak (10)]
  7184 | Lair:4   | Found a staircase to the Snake Pit.
  7290 | Lair:3   | Reached skill level 1 in Evocations
  7314 | Lair:3   | Reached skill level 2 in Evocations
  7409 | Lair:2   | Found a staircase to the Shoals.
  7417 | Lair:2   | fuck vault-less entrances
  7503 | Snake:1  | Entered Level 1 of the Snake Pit
  7526 | Snake:1  | this is going to be fun with MR+
  7536 | Snake:1  | Found Alotazxie's Antique Armour Emporium.
  7541 | Snake:1  | Bought a pair of runed boots for 195 gold pieces
  7546 | Snake:1  | Identified a +1 pair of boots of running (You bought it in a shop on level 1 of the Snake Pit)
  7635 | Snake:2  | Reached skill level 6 in Dodging
  7635 | Snake:2  | Reached skill level 3 in Evocations
  7665 | Snake:2  | IT BEGINS
  7687 | Snake:2  | Reached ***** piety under Makhleb
  7687 | Snake:2  | Reached skill level 4 in Evocations
  7722 | Snake:3  | Noticed Dustman's ghost (adept BaEE)
  7725 | Snake:3  | Noticed Aizul
  7756 | Snake:3  | Reached skill level 11 in Fighting
  7756 | Snake:3  | Reached skill level 5 in Evocations
  7776 | Snake:3  | Reached skill level 6 in Evocations
  7777 | Snake:3  | Gained mutation: You resist negative energy. (rN+) [Deep Dwarf growth]
  7777 | Snake:3  | Reached XP level 14. HP: 99/135 MP: 7/7
  7811 | Snake:4  | Entered Level 4 of the Snake Pit
  7835 | Snake:4  | Reached skill level 7 in Dodging
  7850 | Snake:4  | Reached skill level 7 in Evocations
  7897 | Snake:4  | Got a wavering lapis lazuli ring
  7898 | Snake:4  | Identified the ring of Levity {rPois rC- Str+4 Int+2} (You found it on level 4 of the Snake Pit)
  7899 | Snake:4  | hmmmmmmmmmmmmmmmmmmmm
  7976 | Snake:4  | Noticed a nagaraja
  7986 | Snake:4  | Killed a nagaraja
  7992 | Snake:4  | i wonder how many times i'll get teleported
  7992 | Snake:4  | also wasn't it the one with a shitton of guardian serpents?
  8104 | Snake:4  | Reached skill level 12 in Fighting
  8159 | Snake:4  | Reached skill level 10 in Armour
  8190 | Snake:4  | Reached skill level 11 in Shields
  8228 | Snake:4  | Noticed a nagaraja
  8229 | Snake:4  | this is the OOPS moment
  8230 | Snake:4  | Noticed a nagaraja
  8231 | Snake:4  | Noticed a nagaraja
  8233 | Snake:4  | Noticed a nagaraja
  8262 | Snake:4  | Reached skill level 13 in Fighting
  8292 | Snake:4  | Killed a nagaraja
  8303 | Snake:4  | Killed a nagaraja
  8339 | Snake:4  | Noticed a nagaraja
  8339 | Snake:4  | Noticed a nagaraja
  8340 | Snake:4  | Noticed a nagaraja
  8341 | Snake:4  | i didn't want to go there
  8410 | Snake:4  | Reached skill level 14 in Fighting
  8410 | Snake:4  | Killed a nagaraja
  8411 | Snake:4  | Killed a nagaraja
  8424 | Snake:4  | Reached skill level 11 in Armour
  8454 | Snake:4  | Killed a nagaraja
  8454 | Snake:4  | Reached XP level 15. HP: 152/152 MP: 8/8
  8456 | Snake:4  | Killed a nagaraja
  8470 | Snake:4  | Reached skill level 12 in Shields
  8481 | Snake:4  | Reached skill level 15 in Fighting
  8502 | Snake:4  | Killed a nagaraja
  8577 | Snake:4  | Got a serpentine rune of Zot
  8578 | Snake:4  | okay
  8638 | Snake:2  | it's still slow tho
  8695 | Snake:1  | Bought a runed plate armour for 676 gold pieces
  8817 | Shoals:1 | Entered Level 1 of the Shoals
  8818 | Shoals:1 | another easy shit
  8818 | Shoals:1 | incoming
  8818 | Shoals:1 | MR++ already
  8854 | Shoals:1 | Identified a scroll of acquirement
  8928 | Shoals:3 | Noticed mtoz's ghost (adept MiBe)
  8929 | Shoals:3 | mibe ghost, how about no
  8929 | Shoals:3 | 35/15, +9 vorpal exec axe
  8929 | Shoals:3 | yeah maybe not
  9112 | Shoals:2 | Reached skill level 17 in Axes
  9357 | Shoals:4 | Entered Level 4 of the Shoals
  9457 | Shoals:4 | Noticed Ilsuiw
  9476 | Shoals:4 | Killed Ilsuiw
  9493 | Shoals:4 | Reached skill level 18 in Axes
  9522 | Shoals:4 | Reached XP level 16. HP: 156/163 MP: 9/9
  9537 | Shoals:4 | Found Irarucud's Weapon Boutique.
  9670 | Shoals:4 | Got a smoking jade ring
  9672 | Shoals:4 | Identified the ring of Neygiph {rElec MR+ Int+3} (You found it on level 4 of the Shoals)
  9724 | Shoals:3 | Noticed Polyphemus
  9727 | Shoals:4 | no no
  9884 | Shoals:4 | Reached skill level 8 in Dodging
  9951 | Shoals:4 | Got a barnacled rune of Zot
 10077 | Lair:2   | i'm pretty sure i can't do slime now
 10077 | Lair:2   | but then i can't do v5 either
 10098 | Lair:1   | Reached ****** piety under Makhleb
 10212 | D:13     | Reached skill level 13 in Shields
 10310 | D:13     | Reached skill level 16 in Fighting
 10343 | D:13     | Reached skill level 9 in Dodging
 10369 | D:13     | Found a gate to the Vaults.
 10374 | Vaults:1 | Entered Level 1 of the Vaults
 10448 | Vaults:1 | HP: 31/165 [deep troll earth mage[an ironheart preserver] (7)]
 10645 | Vaults:2 | Found Pafuv's Antique Armour Boutique.
 10653 | Vaults:2 | randart plate, large shield and boots
 10653 | Vaults:2 | and i have no money
 10653 | Vaults:2 | Bought a pair of twisted boots for 218 gold pieces
 10663 | Vaults:2 | Identified the +1 pair of boots of Sif Muna's Hope {rElec rCorr Str-2 Stlth+} (You bought it in a shop on level 2 of the Vaults)
 10663 | Vaults:2 | ok, slime boots acquired
 10663 | Vaults:2 | what now
 10663 | Vaults:2 | 11 ev
 10663 | Vaults:2 | 1 agi and 1 might
 10877 | Vaults:4 | Reached skill level 14 in Shields
 10911 | Vaults:4 | 99 gold please
 11044 | Vaults:4 | Reached skill level 10 in Dodging
 11151 | Vaults:4 | Reached skill level 12 in Armour
 11493 | Vaults:3 | Reached XP level 17. HP: 150/172 MP: 9/9
 11513 | Vaults:3 | Noticed Saint Roka
 11632 | Vaults:3 | HP: 11/172 [stone giant (26)]
 11634 | Vaults:3 | HP: 4/172 [stone giant (19)]
 11748 | Vaults:3 | Reached skill level 15 in Shields
 11788 | Vaults:3 | Reached skill level 11 in Dodging
 11938 | Vaults:3 | Reached skill level 13 in Armour
 11979 | Vaults:3 | hm
 11979 | Vaults:3 | vamp war axe
 12095 | Vaults:3 | just ONE FUCKING PILE OF GOLD
 12095 | Vaults:3 | COME ON
 12281 | Vaults:3 | Reached skill level 12 in Dodging
 12429 | Vaults:4 | Reached skill level 14 in Armour
 12580 | Vaults:4 | was it really so fucking hard?
 12702 | Vaults:2 | Bought a dazzling large shield for 218 gold pieces
 12712 | Vaults:2 | Identified the +6 large shield of Nemelex Xobeh's Wrath {rElec MP-9 Dex+7} (You bought it in a shop on level 2 of the Vaults)
 12712 | Vaults:2 | >MP-9
 12712 | Vaults:2 | lol
 12712 | Vaults:2 | okay
 12712 | Vaults:2 | fuck you too
 12803 | Vaults:4 | no pain no gain
 12804 | Vaults:5 | Entered Level 5 of the Vaults
 12816 | Vaults:4 | Reached skill level 13 in Dodging
 12892 | Vaults:5 | Noticed Mara
 12892 | Vaults:5 | oh boy
 12897 | Vaults:5 | Noticed Leszczynek's illusion
 12941 | Vaults:5 | Noticed Bai Suzhen
 12987 | Vaults:5 | HP: 29/172 [vault warden/great sword of holy wrath (13)]
 13068 | Vaults:5 | Noticed a tentacled monstrosity
 13080 | Vaults:5 | Killed a tentacled monstrosity
 13080 | Vaults:5 | Gained mutation: You passively map a large area around you. [Deep Dwarf growth]
 13080 | Vaults:5 | Reached XP level 18. HP: 134/181 MP: 0/6
 13127 | Vaults:5 | HP: 31/181 [frost giant/bolt of cold (15)]
 13129 | Vaults:5 | Reached skill level 15 in Armour
 13141 | Vaults:5 | HP: 34/181 [titan (23)]
 13291 | Vaults:5 | Reached skill level 14 in Dodging
 13490 | Vaults:5 | Reached skill level 8 in Evocations
 13536 | Vaults:5 | Noticed a Hell Sentinel
 13664 | Vaults:5 | Noticed a golden dragon
 13670 | Vaults:5 | yet another OOPS moment
 13677 | Vaults:5 | Reached skill level 9 in Evocations
 13687 | Vaults:5 | Killed a golden dragon
 13765 | Vaults:5 | Noticed Leszczynek's illusion
 13826 | Vaults:5 | Reached skill level 17 in Fighting
 13861 | Vaults:5 | HP: 28/184 [Bai Suzhen (10)]
 13864 | Vaults:5 | Hit by a large rock thrown by a stone giant

Vault maps used:
D:1:      dpeg_arrival_round_a
D:2:      uniq_terence
D:3:      first_ration, uniq_ijyb
D:4:      cheibrodos_sewer_entry_drain
D:5:      lemuel_coloured_pillars_altar, uniq_pikel, uniq_edmund
D:6:      nicolae_ossuary_entry_catacombs, serial_shops, shop_statue,
          uniq_grinder
D:7:      overflow_temple_1_default, lemuel_round_altar, temple_green,
          serial_shops, shop, grunt_livestock
D:8:      uniq_gastronok, uniq_joseph
D:9:      minmay_overflow_temple_star_quad
D:11:     erik_lair_orcish_takeover, serial_shops, shop, nicolae_shop_crystal,
          nicolae_shop_statue_plus, shop
D:12:     orc_0_dummy, serial_shops, shop
D:13:     hangedman_vaults_entry_quadrant_bands, serial_shops,
          nicolae_shop_stone, minivault_4
Temple:   regret_index_temple_sphere_string
Lair:1:   lemuel_old_faithful, minmay_lair_oklob_chamber,
          infiniplex_staircase_pool
Lair:2:   kb_forest_paths, shoals_dummy_entry
Lair:3:   minivault_11, grunt_megastairs_2, infiniplex_staircase_pool_2,
          uniq_nergalle
Lair:4:   guppyfry_snake_entry_island, st_stairs_11, grunt_megastairs_4,
          uniq_sonja
Shoals:1: uniq_roxanne
Shoals:2: cheibrodos_shoals_three_sisters, nicolae_shoals_hunting_party
Shoals:3: uniq_polyphemus
Shoals:4: shoals_end_grunt_ice, shoals_ilsuiw_ice, serial_shops,
          nicolae_shop_stone
Snake:1:  serial_shops, nicolae_shop_overgrown_old_shop, spider_trap,
          hangedman_snake_corridor_cut
Snake:2:  grunt_megastairs_5
Snake:3:  uniq_aizul
Snake:4:  grunt_snake_rune_serpentine_throne, nicolae_snake_double_loop,
          st_stairs_6, spider_trap
Orc:2:    grunt_orc_community_town_hall, grunt_orc_community_big_house_2,
          grunt_orc_community_big_house_2, grunt_orc_community_house_3,
          grunt_orc_community_house_3, grunt_orc_community_house_1,
          grunt_orc_community_house_1, grunt_orc_community_house_1, basic_altar,
          serial_shops, shop, lab_entry_generic
Vaults:1: vaults_room_stairs_pillars, st_cross, ontoclasm_vaults_shuriken,
          vaults_room_grunt_arrival_ludios,
          nicolae_vaults_windows_and_doors_thing, vaults_mumra_hexcomb,
          grunt_vaults_hallway_short, nicolae_vaults_ring_of_whatevers,
          vaults_room_fours, ontoclasm_vaults_chip
Vaults:2: nicolae_vaults_network_square, v_misc_23,
          vaults_mumra_minichess_inversion, st_cells, v_misc_33, v_misc_5,
          grunt_vaults_hallway_short, hangedman_vaults_pinch,
          nicolae_vaults_specimen_jars, minmay_crypt_entry_necro_gods,
          dpeg_vaults_monster_box, vaults_room_hallway, serial_shops,
          shop_fountains
Vaults:3: ontoclasm_vaults_shout, v_misc_18, nicolae_vaults_disjoint_gnomons,
          vaults_room_stairs_pillars, hangedman_vaults_nodes,
          nicolae_vaults_back_hallway, hangedman_vaults_capsules,
          v_alt_pattern_2, hangedman_vaults_stretched_pinwheel,
          nicolae_vaults_rhombus_7, vaults_dpeg_cross, vaults_mumra_hex,
          uniq_nikola, uniq_saint_roka
Vaults:4: vaults_dpeg_spiral, grunt_vaults_bifocal, v_misc_22,
          vaults_room_stairs_pillars, vaults_room_fours,
          nicolae_vaults_triangles, nicolae_vaults_angled_halls,
          vaults_standard_mumra_enter_the_diamond, ontoclasm_vaults_twist,
          serial_glass
Vaults:5: uniq_bai_suzhen, uniq_mara
Lab:      labyrinth_mini_lab, lab_statue, nicolae_lab_x,
          labyrinth_skeletal_remains, nicolae_lab_garden
Sewer:    kennysheep_door_sewer
Ossuary:  ossuary_minmay_four_chambers

Skill      XL: |  1  2  3  4  5  6  7  8  9 10 11 12 13 14 15 16 17 18 |
---------------+-------------------------------------------------------+-----
Axes           | 3 5 6 7 9 10 12 14 15 16 18 | 18.6
Fighting       | 4 6 7 8 9 11 14 15 16 17 | 17.0
Armour         | 6 7 9 11 12 14 15 | 15.1
Shields        | 6 8 9 10 11 12 14 15 | 15.0
Dodging        | 5 6 7 10 13 14 | 14.0
Invocations    | 1 7 |  7.8
Evocations     | 6 7 9 |  9.5

Action                   |  1- 3 |  4- 6 |  7- 9 | 10-12 | 13-15 | 16-18 || total
-------------------------+-------+-------+-------+-------+-------+-------++-------
Melee: War axe           |    66 |    86 |   372 |  1048 |   678 |   422 ||  2672
       Hand axe          |       |       |       |    11 |    27 |       ||    38
       Broad axe         |       |       |       |       |   232 |  1205 ||  1437
Throw: Tomahawk          |       |       |       |       |       |     4 ||     4
Invok: Lesser Servant of |       |       |       |    21 |    17 |     7 ||    45
       Minor Destruction |       |       |       |     7 |     2 |       ||     9
       Greater Servant o |       |       |       |       |       |     1 ||     1
 Abil: Heal Wounds       |       |     2 |    17 |    24 |     5 |    18 ||    66
Evoke: Wand              |       |     1 |     5 |     9 |     4 |    18 ||    37
       Box of beasts     |       |       |       |       |     1 |       ||     1
  Use: Potion            |       |       |     1 |     4 |     5 |     3 ||    13
       Scroll            |       |       |     8 |    13 |     9 |    14 ||    44
 Stab: Invisible         |       |       |       |     5 |     6 |       ||    11
       Distracted        |       |       |       |     8 |     8 |     7 ||    23
       Paralysed         |       |       |       |       |     2 |     9 ||    11
       Confused          |       |       |       |       |       |     1 ||     1
  Eat: Ration            |       |       |     1 |     3 |       |     2 ||     6
       Chunk             |       |       |     1 |    15 |    12 |    14 ||    42
Armor: Scale mail        |    25 |    31 |    25 |       |       |       ||    81
       Plate armour      |       |       |   105 |   424 |   404 |   451 ||  1384
       Gold dragon scale |       |       |       |       |       |    64 ||    64
Dodge: Dodged            |    21 |    34 |    61 |   221 |   268 |   506 ||  1111
       Deflected         |       |       |       |       |    39 |    30 ||    69
Block: Shield            |    26 |    46 |    96 |   526 |   604 |   663 ||  1961
       Reflection        |       |       |       |       |    10 |    27 ||    37
       Large shield      |       |       |       |       |       |   623 ||   623

Table legend:
 A = Spawn XP
 B = Non-spawn XP
 C = Spawn XP percentage of total XP
 D = Spawn monster count
 E = Non-spawn monster count
 F = Spawn count percentage of total count
 G = Total turns spent on level
                    A         B        C        D         E        F      G
               +---------+---------+-------+---------+---------+-------+---------
         Total |       0 |  366285 |   0.0 |       0 |     894 |   0.0 | 13864
               +---------+---------+-------+---------+---------+-------+---------
           D:1 |       0 |      11 |   0.0 |       0 |       7 |   0.0 |   170
           D:2 |       0 |      42 |   0.0 |       0 |       9 |   0.0 |   231
           D:3 |       0 |      90 |   0.0 |       0 |      15 |   0.0 |   184
           D:4 |       0 |     272 |   0.0 |       0 |      11 |   0.0 |   154
           D:5 |       0 |     805 |   0.0 |       0 |       4 |   0.0 |    87
           D:6 |       0 |     760 |   0.0 |       0 |       7 |   0.0 |   188
           D:7 |       0 |    1434 |   0.0 |       0 |      18 |   0.0 |   441
           D:8 |       0 |    1713 |   0.0 |       0 |      17 |   0.0 |   329
           D:9 |       0 |     270 |   0.0 |       0 |       5 |   0.0 |   149
          D:10 |       0 |    5698 |   0.0 |       0 |      43 |   0.0 |   505
          D:11 |       0 |    4448 |   0.0 |       0 |      46 |   0.0 |   571
          D:12 |       0 |    2137 |   0.0 |       0 |      13 |   0.0 |   362
          D:13 |       0 |    8097 |   0.0 |       0 |      23 |   0.0 |   204
        Lair:1 |       0 |    2126 |   0.0 |       0 |       7 |   0.0 |   114
        Lair:2 |       0 |    7949 |   0.0 |       0 |      25 |   0.0 |   549
        Lair:3 |       0 |    4817 |   0.0 |       0 |      23 |   0.0 |   443
        Lair:4 |       0 |    8164 |   0.0 |       0 |      23 |   0.0 |   583
      Shoals:1 |       0 |    1187 |   0.0 |       0 |       5 |   0.0 |   113
      Shoals:2 |       0 |   19026 |   0.0 |       0 |      35 |   0.0 |   423
      Shoals:3 |       0 |    2497 |   0.0 |       0 |       5 |   0.0 |   153
      Shoals:4 |       0 |   27363 |   0.0 |       0 |      49 |   0.0 |   570
       Snake:2 |       0 |    3951 |   0.0 |       0 |      11 |   0.0 |   177
       Snake:3 |       0 |    5544 |   0.0 |       0 |       9 |   0.0 |   102
       Snake:4 |       0 |   54929 |   0.0 |       0 |      97 |   0.0 |   814
         Orc:1 |       0 |    1296 |   0.0 |       0 |      18 |   0.0 |   250
         Orc:2 |       0 |   10452 |   0.0 |       0 |     110 |   0.0 |  1276
      Vaults:1 |       0 |    9611 |   0.0 |       0 |      13 |   0.0 |   260
      Vaults:2 |       0 |    5271 |   0.0 |       0 |       9 |   0.0 |   231
      Vaults:3 |       0 |   51427 |   0.0 |       0 |      84 |   0.0 |  1093
      Vaults:4 |       0 |   40461 |   0.0 |       0 |      54 |   0.0 |   925
      Vaults:5 |       0 |   81397 |   0.0 |       0 |      71 |   0.0 |   981
           Lab |       0 |    2097 |   0.0 |       0 |       7 |   0.0 |   577
         Sewer |       0 |     151 |   0.0 |       0 |       6 |   0.0 |   153
       Ossuary |       0 |     792 |   0.0 |       0 |      15 |   0.0 |   230
               +---------+---------+-------+---------+---------+-------+---------
